 Dungeon Crawl Stone Soup version 0.27.1-34-g3ba077fa99 (webtiles) character file.

Game seed: 10045497050874228983

65 KittyFluff the Skirmisher (level 4, 0/29 HPs)
             Began as a Gargoyle Berserker on Jan 20, 2022.
             Was a Believer of Trog.
             Slain by an orc (5 damage)
             ... on level 3 of the Dungeon.
             The game lasted 00:12:36 (2574 turns).

KittyFluff the Skirmisher (Gargoyle Berserker)      Turns: 2574, Time: 00:12:36

Health: 0/29       AC:  6    Str: 20    XL:     4   Next: 14%
Magic:  0/4        EV: 11    Int:  8    God:    Trog [**....]
Gold:   181        SH:  0    Dex: 10    Spells: 3/3 levels left

rFire    . . .     SeeInvis .   a - +0 mace
rCold    . . .     Faith    .   (no shield)
rNeg     + . .     Spirit   +   p - +0 leather armour
rPois    ∞         Reflect  .   (no helmet)
rElec    +         Harm     .   (no cloak)
rCorr    .         Rampage  .   (no gloves)
Will     .....                  (no boots)
Stlth    +.........             b - amulet of guardian spirit
HPRegen  0.09/turn              (no ring)
MPRegen  0.09/turn              (no ring)

@: on berserk cooldown, slowed, very slow
A: sickness immunity, AC +3, negative energy resistance 1, electricity
resistance, torment resistance 1, petrification resistance
a: Renounce Religion, Berserk, Trog's Hand


You were on level 3 of the Dungeon.
You worshipped Trog.
Trog was pleased with you.
You visited 1 branch of the dungeon, and saw 3 of its levels.

You collected 181 gold pieces.

Inventory:

Hand Weapons
 a - a +0 mace (weapon)
 d - a +0 whip
 g - a +0 short sword of draining
 o - a +0 hand axe of flaming
Missiles
 f - 11 sling bullets
 h - 22 poisoned darts
 i - 37 arrows
 k - 2 boomerangs (quivered)
Armour
 p - a +0 leather armour (worn)
Jewellery
 b - an amulet of guardian spirit (around neck)
Scrolls
 j - 2 scrolls of fog {unknown}
 m - a scroll of identify {unknown}
Potions
 c - a potion of resistance {unknown}
 e - 2 potions of haste {unknown}
 n - a potion of lignification {unknown}


   Skills:
 + Level 3.7 Fighting
 + Level 3.4 Maces & Flails
 * Level 0.8 Throwing
 * Level 2.7 Armour
 * Level 2.2 Dodging
 + Level 0.7 Stealth


You had 3 spell levels left.
You didn't know any spells.
Your spell library was empty.

Dungeon Overview and Level Annotations

Branches:
Dungeon (3/15)

Altars:
Yredelemnul


Innate Abilities, Weirdness & Mutations

You are immune to sickness and miasma.
Your stone body is resilient. (AC +3)
You are immune to poison.
You resist negative energy. (rN+)
You are resistant to electric shocks. (rElec)
You are resistant to unholy torment.
You are immune to petrification.


Message History

Adjust (i)tems, (s)pells, or (a)bilities?
Huh?
Adjust (i)tems, (s)pells, or (a)bilities?
Huh?
Adjust (i)tems, (s)pells, or (a)bilities?
Huh?
Adjust (i)tems, (s)pells, or (a)bilities?
Huh?
Adjust (i)tems, (s)pells, or (a)bilities?
Huh?
Adjust (i)tems, (s)pells, or (a)bilities?
Huh?
Adjust (i)tems, (s)pells, or (a)bilities?
Huh?
Adjust (i)tems, (s)pells, or (a)bilities?
Huh?
Adjust (i)tems, (s)pells, or (a)bilities?
Huh?
Adjust (i)tems, (s)pells, or (a)bilities?
Huh?
Adjust (i)tems, (s)pells, or (a)bilities?
Huh?
Adjust (i)tems, (s)pells, or (a)bilities?
Huh?
Adjust (i)tems, (s)pells, or (a)bilities?
Huh?
Adjust (i)tems, (s)pells, or (a)bilities?
Huh?
a - a +0 mace (weapon)
The orc hits you from afar with a +0 trident.
* * * LOW HITPOINT WARNING * * *
Something hits you.
* * * LOW HITPOINT WARNING * * *
There are monsters nearby!
You hit something.
The orc hits you from afar with a +0 trident.
You die...

.....#... .......
.....#..###.....
..............# #
##............# S#
#...#........# ...
#............# ....
####[.........# .....
..).†#######..######.....l
###### #....@{o..).... #
#######l....... #........
#........ #########


You could see an orc and a frilled lizard.

Vanquished Creatures
  An adder (D:3)
  2 worms (D:3)
  5 orcs
  2 ball pythons
  2 endoplasms
  3 giant cockroaches
  2 goblins
  4 hobgoblins
  4 quokkas
  7 bats
  2 frilled lizards (D:1)
  6 kobolds
  3 rats
43 creatures vanquished.

Notes
Turn   | Place    | Note
-------+----------+-------------------------------------------
     0 | D:1      | KittyFluff the Gargoyle Berserker began the quest for the
                  | Orb.
     0 | D:1      | Reached XP level 1. HP: 14/14 MP: 1/1
   764 | D:1      | Reached XP level 2. HP: 19/19 MP: 2/2
  1538 | D:2      | Reached XP level 3. HP: 19/23 MP: 3/3
  1572 | D:2      | Found a faded altar of an unknown god.
  1834 | D:2      | Reached ** piety under Trog
  2060 | D:2      | Found a basalt altar of Yredelemnul.
  2567 | D:3      | Reached XP level 4. HP: 18/29 MP: 4/4
  2574 | D:3      | Slain by an orc

Illustrated notes

Levels and vault maps discovered:
D:1:      amcnicky_arrival_underground_garden, layout_basic
D:2:      layout_basic, ebering_ecumenical_altar_ruins, basic_altar
D:3:      layout_rooms, general_overflow_altar, small_statue_intersection,
          serial_bayou_crossing

Skill      XL: |  1  2 |
---------------+-------+-----
Dodging        | 2 |  2.2
Fighting       | |  3.7
Maces & Flails | |  3.4
Throwing       | |  0.8
Armour         | |  2.7
Stealth        | |  0.7

Action                   |  1- 3 |  4- 6 || total
-------------------------+-------+-------++-------
Melee: Whip              |   176 |       ||   176
       Mace              |       |     1 ||     1
Throw: Boomerang         |    31 |       ||    31
Invok: Berserk           |     2 |     1 ||     3
Armor: Animal skin       |    47 |       ||    47
       Robe              |     8 |       ||     8
       Leather armour    |     7 |     1 ||     8
Dodge: Dodged            |    85 |     3 ||    88
